 Dungeon Crawl Stone Soup version 0.29-a0-664-gff9cad4a3d (webtiles) character file.

Game seed: 18098719049464027085

19 HoaS the Ruffian (level 2, 0/19 HPs)
             Began as a Tengu Berserker on June 22, 2022.
             Was a Follower of Trog.
             Slain by Sigmund
             ... wielding a +0 scythe
              (9 damage)
             ... on level 2 of the Dungeon.
             The game lasted 00:01:47 (1152 turns).

HoaS the Ruffian (Tengu Berserker)                  Turns: 1152, Time: 00:01:48

Health: 0/19       AC:  5    Str: 17    XL:     2   Next: 75%
Magic:  3/3        EV: 12    Int:  7    God:    Trog [*.....]
Gold:   51         SH:  0    Dex: 13    Spells: 1/1 levels left

rFire   . . .      SeeInvis .     - Unarmed
rCold   . . .      Faith    .   (no shield)
rNeg    . . .      Spirit   .   d - +0 troll leather armour
rPois   .          Reflect  .   (helmet restricted)
rElec   .          Harm     .   c - +0 cloak {rCorr}
rCorr   +          Rampage  .   (no gloves)
Will    .....                   (boots unavailable)
Stlth   +.........              (no amulet)
HPRegen 0.86/turn               (no ring)
MPRegen 0.08/turn               (no ring)

@: confused, on berserk cooldown, slowed, very slow
A: beak, talons 3
a: Renounce Religion, Berserk


You were on level 2 of the Dungeon.
You worshipped Trog.
Trog was aware of your devotion.
You visited 1 branch of the dungeon, and saw 2 of its levels.

You collected 51 gold pieces.

Inventory:

Armour
 c - a +0 cloak of preservation (worn)
 d - a +0 troll leather armour (worn)
 e - a +0 plate armour
Scrolls
 a - a scroll of teleportation {unknown}
 b - 3 scrolls of identify {unknown}
 f - a scroll of enchant weapon {unknown}


   Skills:
 - Level 3.0 Fighting
 - Level 2.1 Armour
 - Level 2.1 Dodging
 + Level 4.3 Unarmed Combat


You had one spell level left.
You didn't know any spells.
Your spell library was empty.

Dungeon Overview and Level Annotations

Branches:
Dungeon (2/15)

Altars:

Annotations:
D:2 Sigmund


Innate Abilities, Weirdness & Mutations

You have a beak for a mouth.
You have claws for feet.


Message History

The jackal closely misses you. Something hits you!
Ouch! That really hurt!
A red film seems to cover your vision as you go berserk!
You feel yourself moving faster!
You feel mighty! The jackal misses you. The jackal barely misses you.
You closely miss the jackal.
The jackal is moderately wounded.
Something hits you.
* * * LOW HITPOINT WARNING * * *
You hit the jackal. Your kick misses the jackal.
The jackal is almost dead.
The jackal bites you.
* * * LOW HITPOINT WARNING * * *
You hit the jackal.
You kill the jackal!
Trog accepts your kill. Something hits you but does no damage.
You hit something. You claw something! You barely miss something.
You hear some strange, mumbled words.
A magic dart appears from out of thin air!
The magic dart hits you.
* * * LOW HITPOINT WARNING * * *
You miss something. You miss something. Your peck misses something.
You hear some strange, mumbled words.
You are confused.
You bump into the rock wall.
Something barely misses you.
You bump into the rock wall.
You feel a strong urge to attack something.
You bump into the rock wall.
You are no longer berserk.
You are exhausted.
You feel yourself slow down.
You closely miss something.
You hear some strange, mumbled words.
You are more confused.
Something hits you but does no damage.
You hit something. Your kick misses something. Something hits you!
You die...

#.###. .. #.#..
.#####...############
....................#
#####.#######.######.#####
# ..... #....# #....# #.
###..# ###.##.# #.####
#.#....###...##.###.#
#...##...#†####@##..#
#.#...##...####{##.##
##.###..#......#....# .#.
##...####...####
...###...)#.......#
....)..........#..#
...##..###..##.$..#
.#....## #..###....
.#..#### #...####.##


There were no monsters in sight!

Vanquished Creatures
  2 bats
  An endoplasm (D:1)
  A giant cockroach (D:1)
  4 hobgoblins
  3 jackals (D:2)
  A quokka (D:1)
  2 frilled lizards (D:2)
  2 rats
16 creatures vanquished.

Vanquished Creatures (others)
  2 plants (D:1)
2 creatures vanquished.

Grand Total: 18 creatures vanquished

Notes
Turn   | Place    | Note
-------+----------+-------------------------------------------
     0 | D:1      | HoaS the Tengu Berserker began the quest for the Orb.
     0 | D:1      | Reached XP level 1. HP: 14/14 MP: 2/2
   116 | D:1      | Found a faded altar of an unknown god.
   487 | D:1      | Reached XP level 2. HP: 19/19 MP: 3/3
   613 | D:1      | Reached skill level 4 in Unarmed Combat
  1128 | D:2      | Noticed Sigmund
  1152 | D:2      | Slain by Sigmund

Illustrated notes

Levels and vault maps discovered:
D:1:      zelgadis_glass_arrival_small, layout_basic,
          hellmonk_ecumenical_altar_lost_god, serial_bayou_pond_c,
          roderic_roman_lattice, minmay_misc_feat_four_crosses,
          chequers_serial_rivers_small_a
D:2:      layout_rooms, basic_altar, uniq_sigmund

Skill      XL: |  1  2 |
---------------+-------+-----
Unarmed Combat | 4 |  4.3
Fighting       | |  3.0
Armour         | |  2.1
Dodging        | |  2.1

Action                   || total
-------------------------++-------
Melee: Unarmed           ||    54
       Peck              ||     8
       Kick              ||    10
Invok: Berserk           ||     1
 Stab: Sleeping          ||     1
Armor: Troll leather arm ||     8
Dodge: Dodged            ||    26

Table legend: (Time is in decaauts)
 A = Elapsed time spent in this place.
 B = Non-inter-level travel time spent in this place.
 C = Inter-level travel time spent in this place.
 D = Time resting spent in this place.
 E = Time spent auto-exploring this place.
 F = Levels seen in this place.
 G = Mean time per level.
                   A        B        C        D        E       F      G
               +--------+--------+--------+--------+--------+-----+--------+
         Total |   1148 |   1085 |     63 |    123 |    791 |   2 |  574.0 |
       Dungeon |   1148 |   1085 |     63 |    123 |    791 |   2 |  574.0 |
               +--------+--------+--------+--------+--------+-----+--------+

Top non-repeatable levels by time:
     D:1: 1044 daAuts
     D:2: 104 daAuts
